 Dungeon Crawl Stone Soup version 0.27.0-65-ge2af304b15 (webtiles) character file.

Game seed: 4248654324498207641

47 Ishikawa the Ogre Mage (level 3, -1/33 HPs)
             Began as an Ogre Hedge Wizard on Aug 18, 2021.
             Succumbed to a goblin's poison
             ... on level 2 of the Dungeon.
             The game lasted 00:05:30 (2040 turns).

Ishikawa the Ogre Mage (Ogre Hedge Wizard)          Turns: 2040, Time: 00:05:31

Health: -1/33      AC:  3    Str: 14    XL:     3   Next: 70%
Magic:  2/8        EV:  9    Int: 16    God:
Gold:   90         SH:  0    Dex:  8    Spells: 5/10 levels left

rFire    . . .     SeeInvis .   a - +0 dagger
rCold    . . .     Faith    .   (no shield)
rNeg     . . .     Spirit   .   b - +0 robe
rPois    .         Reflect  .   c - +0 hat
rElec    .         Harm     .   (no cloak)
rCorr    .         Rampage  .   (gloves unavailable)
Will     .....                  (boots unavailable)
Stlth    +.........             (no amulet)
HPRegen  0.11/turn              (no ring)
MPRegen  0.11/turn              (no ring)

@: lethally poisoned (-1 -> -23)
A: large, unfitting armour, tough skin 1
a: no special abilities


You were on level 2 of the Dungeon.
You visited 1 branch of the dungeon, and saw 2 of its levels.

You collected 90 gold pieces.

Inventory:

Hand Weapons
 a - a +0 dagger (weapon)
Armour
 b - a +0 robe (worn)
 c - a +0 hat (worn)
Scrolls
 d - a scroll of enchant armour {unknown}
 h - a scroll of enchant weapon {unknown}
 i - 3 scrolls of identify {unknown}
Potions
 e - a potion of resistance {unknown}
 f - a potion of flight {unknown}
 g - a potion of heal wounds {unknown}
 j - a potion of magic {unknown}


   Skills:
 * Level 1.1 Fighting
 + Level 1.9 Dodging
 - Level 1.4 Stealth
 + Level 4.4 Spellcasting
 * Level 1.1 Conjurations
 * Level 1.3 Summonings
 * Level 1.3 Translocations


You had 5 spell levels left.
You knew the following spells:

 Your Spells              Type           Power      Damage    Failure   Level
a - Magic Dart            Conj           28%        1d4       10%         1
b - Call Imp              Summ           7%         N/A       14%         2
c - Blink                 Tloc           N/A        N/A       14%         2

Your spell library contained the following spells:

 Spells                   Type           Power      Damage    Failure   Level
 Slow                     Hex            3%         N/A       24%         2
 Conjure Flame            Conj/Fire      5%         6-21      36%         3
 Stone Arrow              Conj/Erth      10%        3d7       36%         3
 Mephitic Cloud           Conj/Pois/Air  4%         N/A       38%         3
 Hailstorm                Conj/Ice       5%         3d4       77%         4
 Ice Form                 Ice/Tmut       3%         N/A       85%         4
 Bolt of Magma            Conj/Fire/Erth 2%         4d4       98%         5
 Simulacrum               Ice/Necr       1%         N/A       100%        6
 Shatter                  Erth           1%         3d6*      100%        9


Dungeon Overview and Level Annotations

Branches:
Dungeon (2/15)

Altars:

Annotations:
D:2 Robin


Innate Abilities, Weirdness & Mutations

You are too large for most types of armour.
You have tough skin. (AC +1)


Message History

Your crimson imp barely misses the goblin.
What are your orders? t - Shout!
Orders for allies: a - Attack new target. r - Retreat! s - Stop attacking. g - Guard the area. f - Follow me.
Anything else - Cancel.
Gang up on whom?
Press: ? - help, Dir - move target, f - worm
Aim: a worm (ally target) Attack!
Your crimson imp hits the goblin.
The worm bites your white imp.
Robin of the Strong Arm comes into view.
They are wielding a +3 mace of protection and wearing a +2 helmet of see invisible.
A goblin comes into view. It is wielding a +2 dagger of venom.
Your white imp barely misses the worm.
The worm barely misses your white imp.
Your crimson imp closely misses the goblin.
Your white imp hits the worm.
Your white imp freezes the worm.
Robin throws the goblin at you!
A goblin comes into view. It is wielding a +0 club.
The goblin hits you with a +2 dagger of venom.
You are poisoned.
Your crimson imp barely misses the goblin.
Your white imp hits the worm.
Your white imp freezes the worm.
Robin hits your crimson imp with a +3 mace of protection.
You feel sick. The worm barely misses your white imp.
The goblin hits you with a +2 dagger of venom.
You are more poisoned.
Your white imp hits the worm.
Your white imp freezes the worm.
The worm dies!
Your crimson imp barely misses Robin.
Robin throws the goblin at you!
You feel very sick.
The goblin hits you with a +2 dagger of venom!
You are more poisoned.
Your white imp hits the hobgoblin but does no damage.
Your crimson imp hits Robin.
Robin closely misses your crimson imp.
* * * LOW HITPOINT WARNING * * *
You feel very sick. Something misses your white imp.
Your white imp closely misses the goblin.
You die...

#.......# #.......#
#.....g.# ##....5##
#####g# # #.#
#.#####g# ##
#....##5#####
.#########...gg.@.#
......#....##.###.#
⌠.###.#.#####.###.###
..# #.#.# #.......#
.## #...# #####.#.#
.# ##### #.#.####
#### #......# #..#
##### #..#...#
##.###...## ##.....#


You could see 2 goblins and a friendly white imp (summoned).

Vanquished Creatures
  A worm (D:2)
  2 ball pythons (D:2)
  3 endoplasms (D:1)
  3 goblins
  2 hobgoblins
  3 bats
  4 frilled lizards
  A kobold (D:1)
  5 rats
24 creatures vanquished.

Vanquished Creatures (collateral kills)
  Terence (D:2)
  An adder (D:2)
  A worm (D:2)
  A ball python (D:2)
  A goblin (D:2)
5 creatures vanquished.

Grand Total: 29 creatures vanquished

Notes
Turn   | Place    | Note
-------+----------+-------------------------------------------
     0 | D:1      | Ishikawa the Ogre Hedge Wizard began the quest for the Orb.
     0 | D:1      | Reached XP level 1. HP: 16/16 MP: 5/5
    95 | D:1      | Found a faded altar of an unknown god.
   594 | D:1      | Reached skill level 1 in Summonings
   772 | D:1      | Reached skill level 4 in Spellcasting
   772 | D:1      | Reached XP level 2. HP: 26/26 MP: 7/7
   957 | D:1      | Learned a level 2 spell: Call Imp
   960 | D:1      | Learned a level 2 spell: Blink
   968 | D:2      | Reached skill level 1 in Translocations
  1101 | D:2      | Reached skill level 1 in Conjurations
  1472 | D:2      | Noticed Terence
  1480 | D:2      | Killed Terence
  1481 | D:2      | Reached skill level 1 in Fighting
  1481 | D:2      | Reached XP level 3. HP: 33/33 MP: 1/8
  2033 | D:2      | Noticed Robin
  2040 | D:2      | Succumbed to a goblin's poison

Illustrated notes

Levels and vault maps discovered:
D:1:      saegor_arrival_simple_b, layout_basic, shapermc_ecumenical_altar_venn
D:2:      minmay_skewed_foursquare, layout_loops_ring,
          chequers_serial_rivers_micro_b, minmay_stone_trees_small, uniq_robin,
          uniq_terence

Skill      XL: |  1  2 |
---------------+-------+-----
Summonings     | 1 |  1.3
Spellcasting   | 4 |  4.4
Translocations | 1 |  1.3
Conjurations   | 1 |  1.1
Fighting       | 1 |  1.1
Dodging        | |  1.9
Stealth        | |  1.4

Action                   || total
-------------------------++-------
Melee: Dagger            ||    91
 Cast: Magic Dart        ||    12
       Call Imp          ||     8
 Stab: Sleeping          ||     1
Armor: Robe              ||    24
Dodge: Dodged            ||    43
